Map: 네온 바이올렛 스퀘어 - 래더

Players

Zest - Winner!

  • Race: Protoss Protoss
  • Spawn Location: 11:00

Classic

  • Race: Protoss Protoss
  • League: Master
  • Spawn Location: 5:00

VOD

Have the link to the VOD?

Description

Time

  • Played on: Dec. 23, 2017, 4:19 a.m.
  • Length: 15:29
Show
View Real Time Build Order
Export as new Build Order

Zest Protoss - Winner!

Build Orders: Dark Templar Rush 

Get SALT Encoding   

  12  0:00  Probe  
  13  0:13  Probe  
  14  0:17  Pylon  
  14  0:25  Probe (Chrono Boost)  
  15  0:37  Probe (Chrono Boost)  
  15  0:38  Gateway  
  16  0:43  Probe (Chrono Boost)  
  16  0:46  Assimilator  
  17  0:51  Probe (Chrono Boost)  
  17  0:55  Assimilator  
  18  1:03  Probe (Chrono Boost)  
  19  1:11  Probe (Chrono Boost)  
  20  1:13  Gateway  
  20  1:17  Probe  
  20  1:25  Cybernetics Core  
  21  1:29  Probe  
  22  1:35  Pylon  
  22  1:42  Probe  
  23  1:54  Probe  
  24  1:59  Warp Gate (Chrono Boost)  
  24  2:01  Adept x2  
  28  2:12  Pylon  
  28  2:27  Twilight Council  
  28  2:45  Nexus  
  28  2:59  Stalker x2  
  32  3:10  Dark Shrine  
  32  3:19  Shield Battery  
  32  3:28  Probe  
  32  3:32  Shield Battery  
  33  3:43  Probe  
  33  3:46  Pylon  
  34  3:55  Probe (Chrono Boost)  
  35  3:56  Stalker x2  
  35  3:58  Probe (Chrono Boost)  
  40  4:06  Probe (Chrono Boost)  
  40  4:08  Probe (Chrono Boost)  
  42  4:11  Probe (Chrono Boost)  
  42  4:13  Probe (Chrono Boost)  
  44  4:22  Dark Templar  
  44  4:23  Dark Templar  
  48  4:25  Probe  
  48  4:29  Probe  
  50  4:32  Blink (Chrono Boost)  
  50  4:37  Probe  
  51  4:41  Probe  
  52  4:54  Probe x2  
  48  5:02  Stalker x2  
  48  5:06  Probe (Chrono Boost)  
  48  5:07  Probe (Chrono Boost)  
  52  5:18  Probe (Chrono Boost)  
  52  5:19  Probe (Chrono Boost)  
  54  5:27  Pylon  
  54  5:29  Probe (Chrono Boost)  
  54  5:30  Probe (Chrono Boost), Nexus  
  54  5:34  Pylon  
  54  5:45  Probe x2  
  54  5:46  Stalker x2  
  60  6:04  Robotics Facility  
  59  6:11  Probe x2  
  59  6:15  Stalker x2  
  62  6:24  Forge  
  62  6:26  Probe x2, Gateway  
  62  6:29  Gateway  
  64  6:38  Probe x2  
  63  6:40  Assimilator  
  63  6:43  Probe  
  63  6:44  Assimilator  
  63  6:50  Probe x2  
  63  6:53  Observer (Chrono Boost)  
  63  6:54  Charge  
  66  6:55  Probe  
  63  7:02  Probe  
  63  7:06  Probe  
  63  7:14  Probe  
  60  7:23  Probe, Protoss Ground Weapons Level 1 (Chrono Boost)  
  60  7:28  Probe x2  
  57  7:34  Gateway  
  57  7:36  Gateway  
  57  7:37  Gateway  
  57  7:38  Gateway  
  57  7:39  Sentry x2  
  57  7:41  Probe x2  
  57  7:42  Probe  
  64  7:50  Warp Prism (Chrono Boost)  
  64  7:53  Probe  
  64  7:54  Probe x2  
  64  7:57  Stalker x2  
  69  8:01  Templar Archives  
  69  8:04  Zealot x2  
  73  8:11  Pylon  
  73  8:12  Assimilator  
  73  8:16  Probe x2, Assimilator  
  74  8:21  Observer  
  75  8:33  Probe  
  75  8:34  Probe  
  77  8:39  High Templar  
  77  8:40  Zealot x4, High Templar  
  89  8:43  Pylon  
  89  8:44  Archon  
  89  8:45  Pylon  
  89  8:47  Zealot  
  89  8:48  Zealot  
  93  8:53  Photon Cannon  
  93  8:55  Shield Battery  
  93  8:58  Pylon  
  93  8:59  Probe x2  
  93  9:01  Probe  
  94  9:10  High Templar x2  
  94  9:11  High Templar x2  
  94  9:13  Photon Cannon  
  94  9:15  Probe x3, Pylon  
  105  9:18  Archon x2  
  105  9:20  Protoss Ground Weapons Level 2 (Chrono Boost)  
  103  9:36  Dark Templar x2, Warp Prism (Chrono Boost)  
  103  9:37  Zealot x2  
  113  9:45  Nexus  
  113  9:47  Pylon  
  113  9:49  High Templar  
  115  10:08  Pylon  
  97  10:14  Probe x2  
  89  10:23  Probe  
  89  10:26  Probe  
  89  10:27  Zealot x2  
  89  10:28  Zealot x6  
  89  10:47  Probe x2  
  89  10:49  Zealot x2, High Templar x6  
  88  10:59  Archon x3  
  88  11:03  Photon Cannon, Probe  
  88  11:04  Probe x3  
  92  11:06  Immortal (Chrono Boost)  
  96  11:11  Dark Templar x2  
  96  11:16  Probe  
  96  11:17  Gateway  
  101  11:18  Archon  
  101  11:19  Gateway  
  101  11:22  Photon Cannon  
  101  11:23  High Templar  
  101  11:24  Zealot x3  
  109  11:27  Archon  
  100  11:40  Observer (Chrono Boost)  
  97  11:47  Protoss Ground Weapons Level 3 (Chrono Boost)  
  97  11:48  Zealot  
  97  11:49  Zealot x6  
  99  12:04  Probe x2  
  99  12:05  Probe  
  99  12:06  Assimilator  
  99  12:07  Immortal (Chrono Boost), Assimilator  
  94  12:10  Sentry  
  100  12:17  Probe  
  100  12:18  Probe x2  
  103  12:25  High Templar x4  
  103  12:26  Zealot x5  
  103  12:27  Probe  
  123  12:30  Probe x3  
  123  12:36  Archon  
  125  12:41  Warp Prism (Chrono Boost)  
  119  12:50  Zealot x4, High Templar x2  
  133  12:54  Gateway  
  133  12:55  Archon  
  133  12:56  Gateway  
  132  13:05  Immortal (Chrono Boost)  
  134  13:14  High Templar x4  
  134  13:15  Zealot x4  
  150  13:22  Nexus  
  150  13:23  Archon, Pylon  
  150  13:24  Archon  
  150  13:29  Zealot x2  
  154  13:36  Sentry  
  154  13:41  Warp Prism (Chrono Boost), Pylon  
  156  13:43  Pylon  
  156  13:48  High Templar x2, Pylon  
  155  13:49  High Templar x2  
  155  13:52  Archon x2  
  163  14:01  Pylon  
  163  14:04  Pylon  
  163  14:09  Dark Templar x4  
  171  14:10  Zealot x4  
  117  14:32  Zealot x8  
  110  14:48  Zealot x4  
  114  14:53  Zealot x6  
  124  15:00  Stalker  
  124  15:01  Stalker  
  124  15:13  Stalker x10  
Show
View Real Time Build Order
Export as new Build Order

Classic Protoss 

Build Orders: Phoenix Opening, Archon Immortal 

Get SALT Encoding   

  12  0:00  Probe  
  13  0:12  Probe  
  14  0:17  Pylon  
  14  0:24  Probe (Chrono Boost)  
  15  0:37  Probe (Chrono Boost), Gateway  
  16  0:44  Probe (Chrono Boost)  
  16  0:46  Assimilator  
  17  0:51  Probe (Chrono Boost)  
  17  0:55  Assimilator  
  18  1:03  Probe (Chrono Boost)  
  19  1:11  Probe (Chrono Boost)  
  20  1:13  Gateway  
  20  1:17  Probe  
  20  1:25  Cybernetics Core  
  21  1:29  Probe  
  22  1:36  Pylon  
  22  1:41  Probe  
  23  1:54  Probe  
  23  2:01  Stalker x2  
  26  2:04  Warp Gate  
  28  2:14  Pylon  
  28  2:22  Stargate  
  28  2:34  Stalker  
  29  2:37  Stalker  
  31  3:04  Nexus  
  31  3:12  Phoenix (Chrono Boost)  
  33  3:24  Pylon  
  33  3:28  Phoenix (Chrono Boost)  
  35  3:40  Probe  
  36  3:46  Phoenix (Chrono Boost)  
  38  3:55  Robotics Facility  
  38  4:07  Phoenix (Chrono Boost)  
  40  4:10  Probe  
  41  4:18  Probe  
  41  4:22  Probe  
  43  4:32  Probe  
  43  4:34  Probe  
  45  4:42  Observer (Chrono Boost)  
  46  4:45  Gateway  
  46  4:50  Pylon  
  46  4:57  Probe x2  
  46  5:01  Observer  
  47  5:09  Probe x2 (Chrono Boost)  
  47  5:12  Forge  
  49  5:21  Probe x2 (Chrono Boost)  
  51  5:23  Immortal  
  51  5:27  Pylon  
  55  5:29  Probe (Chrono Boost)  
  55  5:32  Probe (Chrono Boost)  
  57  5:36  Probe  
  57  5:42  Probe  
  59  5:49  Nexus  
  59  5:57  Protoss Ground Weapons Level 1  
  59  5:58  Adept x2  
  60  6:09  Probe  
  61  6:12  Probe  
  61  6:21  Probe (Chrono Boost), Assimilator  
  61  6:23  Pylon  
  61  6:24  Probe (Chrono Boost)  
  61  6:25  Assimilator  
  63  6:32  Probe (Chrono Boost)  
  64  6:34  Probe (Chrono Boost)  
  64  6:37  Immortal  
  69  6:42  Stalker  
  69  6:46  Stalker  
  71  6:49  Shield Battery  
  63  7:07  Stalker  
  65  7:11  Stalker  
  65  7:15  Probe x2, Immortal (Chrono Boost)  
  63  7:27  Probe x2  
  65  7:35  Twilight Council  
  65  7:39  Probe x2  
  65  7:42  Probe  
  68  7:46  Immortal  
  68  7:47  Oracle (Chrono Boost)  
  76  7:51  Probe x2  
  76  7:54  Probe  
  76  7:57  Assimilator  
  76  7:58  Pylon  
  78  8:00  Assimilator  
  78  8:02  Gateway  
  78  8:03  Probe x2  
  80  8:07  Gateway  
  80  8:12  Gateway  
  80  8:18  Templar Archives  
  80  8:21  Probe x3  
  80  8:25  Charge  
  83  8:30  Shield Battery  
  83  8:32  Zealot x2  
  87  8:35  Zealot  
  89  8:43  Gateway  
  89  8:45  Gateway  
  89  8:46  Pylon  
  89  8:48  Protoss Ground Weapons Level 2 (Chrono Boost)  
  93  8:55  Immortal (Chrono Boost)  
  93  8:59  High Templar x2  
  97  9:03  Archon  
  97  9:15  Nexus  
  97  9:26  Pylon  
  97  9:32  Immortal (Chrono Boost)  
  97  9:34  High Templar x2  
  97  9:38  Archon, Pylon  
  105  9:44  Zealot, High Templar x2  
  105  9:45  Zealot  
  113  9:51  Archon  
  113  9:52  Zealot  
  115  9:57  Zealot  
  115  10:05  Zealot  
  115  10:06  Zealot x2  
  109  10:15  Zealot x2  
  103  10:22  Probe x3  
  101  10:32  Zealot x4, High Templar x2  
  93  10:53  Probe x2 (Chrono Boost)  
  89  10:57  Probe x2 (Chrono Boost)  
  91  11:04  Probe x2 (Chrono Boost)  
  91  11:06  Probe (Chrono Boost), Protoss Ground Weapons Level 3 (Chrono Boost)  
  91  11:07  Probe (Chrono Boost)  
  91  11:08  Photon Cannon, Immortal  
  91  11:10  Archon  
  97  11:11  Probe x3 (Chrono Boost)  
  100  11:24  High Templar x2  
  104  11:26  High Templar  
  104  11:28  Archon  
  104  11:30  Zealot x3, High Templar  
  114  11:35  Archon  
  114  11:36  Zealot  
  88  11:48  Probe x3  
  88  11:51  Zealot x3  
  89  12:03  Probe (Chrono Boost)  
  89  12:04  High Templar x2  
  89  12:05  Pylon  
  89  12:06  Photon Cannon  
  89  12:07  Probe x3 (Chrono Boost)  
  97  12:10  Archon  
  97  12:11  Observer (Chrono Boost)  
  97  12:12  High Templar x2  
  97  12:14  Pylon  
  97  12:15  Probe (Chrono Boost)  
  103  12:16  Archon  
  103  12:20  Probe x4 (Chrono Boost)  
  103  12:22  Assimilator  
  107  12:24  Immortal (Chrono Boost)  
  107  12:27  Assimilator  
  111  12:40  Probe x2  
  111  12:41  Probe x2  
  115  12:46  High Templar x2  
  115  12:51  Photon Cannon  
  119  12:52  Probe, Archon, Immortal (Chrono Boost)  
  119  12:53  Pylon  
  119  12:57  Pylon  
  124  12:59  High Templar x2  
  124  13:04  Archon  
  128  13:06  Zealot  
  128  13:07  Zealot  
  128  13:10  Nexus  
  132  13:14  Pylon  
  132  13:21  Dark Shrine  
  132  13:24  Warp Prism (Chrono Boost)  
  132  13:26  High Templar x2  
  138  13:33  Protoss Shields Level 1 (Chrono Boost), Archon  
  138  13:35  Zealot x3  
  138  13:40  Photon Cannon  
  144  13:48  Zealot, High Templar x2  
  150  13:52  Archon  
  150  13:58  High Templar x2  
  150  14:00  Photon Cannon  
  154  14:02  Zealot x2  
  154  14:03  Zealot  
  154  14:07  Observer  
  154  14:09  Zealot  
  159  14:17  Archon  
  159  14:21  Zealot x2  
  137  14:25  Zealot x3  
  123  14:31  Zealot x3  
  103  14:46  Zealot x5  
  103  14:52  Zealot x3  
  83  15:07  High Templar x5  
  83  15:12  Archon x2  
  97  15:18  Zealot x2, High Templar  
  99  15:22  Archon  
Tags
 
Add a new tag
Caveats
  • Supply blocks, unpowered buildings, or Contaminate may cause inaccurate times.
  • Supply counts are checked every 10 seconds.